 Dungeon Crawl Stone Soup version 0.26-a0-649-gf8c6c3aab7 (webtiles) character file.

Game seed: 3645636487902665104

48 looop the Covert (level 3, -4/35 HPs)
             Began as a Gnoll Delver on Sept 27, 2020.
             Slain by Crazy Yiuf
             ... wielding a +4 quarterstaff of chaos
              (9 damage)
             ... on level 3 of the Dungeon.
             The game lasted 00:00:46 (613 turns).

looop the Covert (Gnoll Delver)                      Turns: 613, Time: 00:00:46

Health: -4/35      AC:  3    Str: 15    XL:     3   Next: 72%
Magic:  4/4        EV: 14    Int: 12    God:
Gold:   23         SH:  0    Dex: 16    Spells: 3/3 levels left

rFire    . . .     SeeInvis .   a - +0 spear
rCold    . . .     Faith    .   (no shield)
rNeg     . . .     Spirit   .   b - +0 leather armour
rPois    .         Reflect  .   (no helmet)
rElec    .         Harm     .   (no cloak)
rCorr    .         Rampage  .   (no gloves)
MR       .....                  (no boots)
Stlth    ++++......             (no amulet)
HPRegen  0.11/turn              (no ring)
MPRegen  0.09/turn              (no ring)

@: lightly drained
A: distributed training, fangs 1, strong nose
a: no special abilities


You were on level 3 of the Dungeon.
You visited 1 branch of the dungeon, and saw 3 of its levels.

You collected 23 gold pieces.

Inventory:

Hand Weapons
 a - a +0 spear (weapon)
Armour
 b - a +0 leather armour (worn)
Wands
 g - a wand of digging (3)
Scrolls
 c - a scroll of fog
 d - 3 scrolls of magic mapping
 e - a scroll of fear
 h - 2 scrolls of identify {unknown}
 j - 2 scrolls of teleportation {unknown}
Potions
 i - a potion of cancellation {unknown}


   Skills:
 + Level 6.5(6.2) Fighting
 + Level 0.9(0.6) Short Blades
 + Level 0.9(0.6) Long Blades
 + Level 0.9(0.6) Axes
 + Level 0.9(0.6) Maces & Flails
 + Level 4.5(4.2) Polearms
 + Level 0.9(0.6) Staves
 + Level 0.9(0.6) Slings
 + Level 0.9(0.6) Bows
 + Level 0.9(0.6) Crossbows
 + Level 0.9(0.6) Throwing
 + Level 0.9(0.6) Armour
 + Level 4.5(4.2) Dodging
 + Level 9.5(9.1) Stealth
 + Level 0.9(0.6) Shields
 + Level 0.9(0.6) Unarmed Combat
 + Level 0.9(0.6) Spellcasting
 + Level 0.6(0.3) Conjurations
 + Level 0.6(0.3) Hexes
 + Level 0.6(0.3) Summonings
 + Level 0.6(0.3) Necromancy
 + Level 0.6(0.3) Translocations
 + Level 0.6(0.3) Transmutations
 + Level 0.6(0.3) Fire Magic
 + Level 0.6(0.3) Ice Magic
 + Level 0.6(0.3) Air Magic
 + Level 0.6(0.3) Earth Magic
 + Level 0.6(0.3) Poison Magic
 + Level 1.0(0.7) Invocations
 + Level 0.9(0.6) Evocations


You had 3 spell levels left.
You didn't know any spells.
Your spell library was empty.

Dungeon Overview and Level Annotations

Branches:
Dungeon (5/15)
 Temple: D:4-7

Altars:

Annotations:
D:3 Crazy Yiuf


Innate Abilities, Weirdness & Mutations

Your experience applies equally to all skills.
You have very sharp teeth.
Your uncanny sense of smell can sniff out nearby items.


Message History

Crazy Yiuf whimpers, "Castle broken leg!"
Crazy Yiuf misses you.
You hit Crazy Yiuf.
Crazy Yiuf is moderately wounded.
Crazy Yiuf closely misses you.
You hit Crazy Yiuf. You bite Crazy Yiuf, but do no damage.
Crazy Yiuf is heavily wounded.
Crazy Yiuf closely misses you.
You hit Crazy Yiuf.
Crazy Yiuf is severely wounded.
You closely miss Crazy Yiuf.
Crazy Yiuf is severely wounded.
Crazy Yiuf hits you with a +4 quarterstaff of chaos!
* * * LOW HITPOINT WARNING * * *
You feel drained.
* * * LOW HITPOINT WARNING * * *
You hit Crazy Yiuf but do no damage.
Crazy Yiuf is severely wounded.
Crazy Yiuf hits you with a +4 quarterstaff of chaos!
You die...

#...# ####...######
.............#
############.# #.#
###♣♣♣♣♣ #.# ##....♣.♣♣♣
### #.####
##......♣..♣#...#
#.†..####
#......♣♣♣♣@g...#
##....... #.....♣♣
♣♣#..)# ###.#.####
#.###♣♣ ### #...#.# #.#
###.#.# #.# #.#.# #.#
#### #.#.# #.###..#
#########.#.#
#......######.........#.#
#####.......).#######.#.#


You could see Crazy Yiuf.

Vanquished Creatures
  A hound (D:4)
  An adder (D:3)
  A shadow imp (D:4)
  A frilled lizard (D:4)
4 creatures vanquished.

Notes
Turn   | Place    | Note
-------+----------+-------------------------------------------
     0 | D:5      | Reached skill level 9 in Stealth
     0 | D:5      | looop the Gnoll Delver began the quest for the Orb.
     0 | D:5      | Reached XP level 1. HP: 23/23 MP: 1/1
    47 | D:5      | Noticed an ice beast
    72 | D:4      | Noticed a hound
    95 | D:4      | Killed a hound
    95 | D:4      | Reached XP level 2. HP: 6/29 MP: 2/2
    95 | D:4      | Reached XP level 3. HP: 8/35 MP: 3/3
   101 | D:4      | Reached skill level 1 in Invocations
   492 | D:3      | Found a runed translucent door.
   493 | D:3      | Noticed Crazy Yiuf
   613 | D:3      | Slain by Crazy Yiuf

Illustrated notes

Levels and vault maps discovered:
D:3:      layout_loops_ring, feat_on_display, uniq_sigmund,
          uniq_crazy_yiuf_cottage
D:4:      cheibrodos_pilgrimage, layout_loops_corners,
          minmay_temple_entry_statues_fountains, bloody_trog
D:5:      layout_rooms, fedhas_altar_1

Skill      XL: |  1  2  3 |
---------------+----------+-----
Stealth        | |  9.5
Invocations    | 1 |  1.0
Fighting       | |  6.5
Short Blades   | |  0.9
Long Blades    | |  0.9
Axes           | |  0.9
Maces & Flails | |  0.9
Polearms       | |  4.5
Staves         | |  0.9
Slings         | |  0.9
Bows           | |  0.9
Crossbows      | |  0.9
Throwing       | |  0.9
Armour         | |  0.9
Dodging        | |  4.5
Shields        | |  0.9
Unarmed Combat | |  0.9
Spellcasting   | |  0.9
Conjurations   | |  0.6
Hexes          | |  0.6
Summonings     | |  0.6
Necromancy     | |  0.6
Translocations | |  0.6
Transmutations | |  0.6
Fire Magic     | |  0.6
Ice Magic      | |  0.6
Air Magic      | |  0.6
Earth Magic    | |  0.6
Poison Magic   | |  0.6
Evocations     | |  0.9

Action                   || total
-------------------------++-------
Melee: Spear             ||    39
       Bite              ||     4
  Use: Potion            ||     1
Armor: Leather armour    ||     5
Dodge: Dodged            ||    26

Table legend: (Time is in decaauts)
 A = Elapsed time spent in this place.
 B = Non-inter-level travel time spent in this place.
 C = Inter-level travel time spent in this place.
 D = Time resting spent in this place.
 E = Time spent auto-exploring this place.
 F = Levels seen in this place.
 G = Mean time per level.
                   A        B        C        D        E       F      G
               +--------+--------+--------+--------+--------+-----+--------+
         Total |    587 |    540 |     47 |      0 |    450 |   3 |  195.7 |
       Dungeon |    587 |    540 |     47 |      0 |    450 |   3 |  195.7 |
               +--------+--------+--------+--------+--------+-----+--------+

Top non-repeatable levels by time:
     D:3: 483 daAuts
     D:5: 72 daAuts
     D:4: 31 daAuts
